 Dungeon Crawl Stone Soup version 0.21-a0-529-g8c7b3f5 (webtiles) character file.

81 Amnesiac the Grave Robber (level 4, -6/28 HPs)
             Began as a Deep Elf Necromancer on Dec 10, 2017.
             Killed from afar by an orc wizard (8 damage)
             ... with a magic dart
             ... on level 3 of the Dungeon.
             The game lasted 00:02:27 (1832 turns).

Amnesiac the Grave Robber (Deep Elf Necromancer)    Turns: 1832, Time: 00:02:27

Health: -6/28      AC:  2    Str:  5    XL:     4   Next: 20%
Magic:  0/10       EV: 13    Int: 21    God:
Gold:   55         SH:  0    Dex: 15    Spells: 2/9 levels left

rFire    . . .     SeeInvis +   g - +0 spear (venom)
rCold    . . .     Gourm    .   (no shield)
rNeg     . . .     Faith    .   a - +0 robe
rPois    .         Spirit   +   (no helmet)
rElec    .         Reflect  .   (no cloak)
rCorr    .         Harm     .   (no gloves)
MR       .....                  (no boots)
Stlth    ++........             f - amulet of guardian spirit
HPRegen  0.09/turn              n - ring of see invisible
MPRegen  0.12/turn              (no ring)

@: no status effects
A: no striking features
a: no special abilities


You were on level 3 of the Dungeon.
You were not hungry.

You visited 1 branch of the dungeon, and saw 3 of its levels.

You collected 55 gold pieces.

Inventory:

Hand Weapons
 g - a +0 spear of venom (weapon)
Missiles
 i - 14 poisoned needles
 k - a throwing net (quivered)
Armour
 a - a +0 robe (worn)
 q - a +2 cloak
Jewellery
 f - an amulet of guardian spirit (around neck)
 n - a ring of see invisible (left hand)
Scrolls
 d - 2 scrolls of teleportation {!r, unknown}
 e - 3 scrolls of remove curse {!r, unknown}
 l - 2 scrolls of immolation {!r, unknown}
 p - 2 scrolls of identify {!r, unknown}
 r - a scroll of fog {!r, unknown}
 s - a scroll of noise {!r, unknown}
 u - a scroll of enchant armour {!r, unknown}
Potions
 h - 3 potions of curing {!q, unknown}
 j - 2 potions of heal wounds {!q, unknown}
 t - a potion of degeneration {!q, unknown}
Books
 b - a book of Necromancy

   Spells                             Type                      Level
   a - Pain                           Necromancy                   1
   b - Animate Skeleton               Necromancy                   1
   c - Vampiric Draining              Necromancy                   3
   d - Regeneration                   Charms/Necromancy            3
   e - Animate Dead                   Necromancy                   4
   f - Control Undead                 Necromancy                   4
 w - a book of Minor Magic

   Spells                             Type                      Level
   a - Magic Dart                     Conjuration                  1
   b - Blink                          Translocation                2
   c - Call Imp                       Summoning                    2
   d - Slow                           Hexes                        2
   e - Conjure Flame                  Conjuration/Fire             3
   f - Mephitic Cloud                 Conjuration/Poison/Air       3
Comestibles
 c - 3 bread rations
 m - a royal jelly
 o - a meat ration
 v - 3 chunks of flesh


   Skills:
 * Level 3.0 Fighting
 + Level 3.0 Dodging
 - Level 2.4 Stealth
 - Level 3.0 Spellcasting
 - Level 4.8 Necromancy


You had 2 spell levels left.
You knew the following spells:

 Your Spells              Type           Power        Failure   Level  Hunger
a - Pain                  Necr           ###.         1%          1    None
d - Vampiric Draining     Necr           ###.......   5%          3    ###....
r - Regeneration          Chrm/Necr      ##........   14%         3    ###....


Dungeon Overview and Level Annotations

Branches:
Dungeon (3/15)

Altars:
Gozag
The Shining One

Annotations:
D:3 Curus's ghost, weakling MfBe


Message History

The bat closely misses you.
An orc comes into view. It is wielding an enchanted hand axe.
The bat hits you.
You hit the bat but do no damage.
The bat is poisoned.
The bat barely misses you.
An orc priest comes into view.
The bat barely misses you.
You hit the bat.
You kill the bat!
The orc priest shouts!
Some of the chunks of flesh in your inventory have rotted away.
A jackal comes into view.
An orc comes into view. It is wielding a war axe.
The orc priest looks encouraged for a moment.
An orc wizard comes into view. It is wielding a dagger.
A kobold comes into view. It is wielding a club.
The orc wizard gestures wildly while chanting.
The orc wizard blinks!
The kobold shouts!
You barely miss the orc priest.
The orc shouts!
The orc priest hits you but does no damage.
You closely miss the orc priest.
The orc shouts!
You hear a shout!
The orc priest calls down the wrath of Beogh upon you.
Pain shoots through your body!
You barely miss the orc priest. The orc priest closely misses you.
You hit the orc priest.
The orc priest is poisoned.
The orc priest is moderately wounded.
You hit the orc priest but do no damage.
The orc priest looks as sick as possible!
The orc priest is moderately wounded.
The kobold hits you with a club. The orc priest hits you.
An orc comes into view. It is wielding a falchion.
Casting: Regeneration
Confirm with . or Enter, or press ? or * to list all spells.
Aiming: Vampiric Draining
Press: ? - help, Shift-Dir - straight line, f - orc priest
Aim: an orc priest (heavily wounded, poisoned)
The orc priest is almost dead.
You feel life coursing into your body.
You kill the orc priest!
Your Dodging skill increases to level 3!
You have reached level 4!
You feel clever. The kobold closely misses you.
The orc moves out of view.
You hit the kobold.
The kobold is poisoned.
The kobold is heavily wounded.
The kobold hits you with a club.
The orc wizard casts a spell.
The orc wizard blinks!
You closely miss the orc wizard.
You kill the kobold!
Your Fighting skill increases to level 3!
The orc wizard casts a spell.
The orc wizard blinks!
You barely miss the orc. The orc hits you with a war axe!
* * * LOW HITPOINT WARNING * * *
The orc completely misses you. The orc hits you with a war axe!
* * * LOW HITPOINT WARNING * * *
The orc wizard gestures at you while chanting.
The magic dart hits you!
You die...

#. ####..# ##.# #.## #.
#..# #.##########.#
..........##.#
..........##.##
..........##..###
.#.....#.o@....######
##.#...o.###..%....#
#..#.#.......###..)......
##.#...o.....# ##.#......
# ##..o.....####.#......
##..........#.. .....
.o...o)†......#.........##
###..o#........###........
###.#..=......#######...


You could see an orc wizard and 3 orcs.

Vanquished Creatures
  An orc priest (D:3)
  An adder (D:2)
  2 dart slugs (D:1)
  A leopard gecko (D:2)
  A ball python (D:3)
  6 bats
  2 giant cockroaches
  3 goblins
  2 hobgoblins
  5 jackals
  3 kobolds
  A quokka (D:3)
  3 frilled lizards (D:1)
  6 rats
37 creatures vanquished.

Notes
Turn   | Place    | Note
-------+----------+-------------------------------------------
     0 | D:1      | Amnesiac the Deep Elf Necromancer began the quest for the Orb.
     0 | D:1      | Reached XP level 1. HP: 10/10 MP: 6/6
   151 | D:1      | Reached skill level 1 in Fighting
   198 | D:1      | Reached XP level 2. HP: 14/16 MP: 8/8
  1179 | D:2      | Found a glowing golden altar of the Shining One.
  1190 | D:2      | Reached XP level 3. HP: 11/22 MP: 5/9
  1195 | D:2      | Learned a level 3 spell: Regeneration
  1200 | D:2      | Learned a level 3 spell: Vampiric Draining
  1251 | D:2      | Found an opulent altar of Gozag.
  1580 | D:3      | Noticed Curus's ghost (weakling MfBe)
  1820 | D:3      | Reached XP level 4. HP: 21/27 MP: 1/10
  1832 | D:3      | Killed from afar by an orc wizard

Vault maps used:
D:1:      scummos_arrival_star
D:2:      grunt_gozag_breadcrumbs, nicolae_tso_carved_into_rock,
          minmay_misc_feat_pillars
D:3:      chequers_temple_overflow_statue_of_worship

Skill      XL: |  1  2  3  4 |
---------------+-------------+-----
Fighting       | 1 2 3 |  3.0
Dodging        | 3 |  3.0
Stealth        | |  2.4
Spellcasting   | |  3.0
Necromancy     | |  4.8

Action                   |  1- 3 |  4- 6 || total
-------------------------+-------+-------++-------
Melee: Spear             |    95 |     3 ||    98
 Cast: Pain              |     7 |       ||     7
       Regeneration      |     2 |       ||     2
       Vampiric Draining |     1 |       ||     1
 Stab: Sleeping          |     8 |       ||     8
  Eat: Chunk             |     3 |       ||     3
Armor: Robe              |    16 |       ||    16
Dodge: Dodged            |    45 |     2 ||    47

Table legend:
 A = Spawn XP
 B = Non-spawn XP
 C = Spawn XP percentage of total XP
 D = Spawn monster count
 E = Non-spawn monster count
 F = Spawn count percentage of total count
 G = Total turns spent on level
                    A         B        C        D         E        F      G
               +---------+---------+-------+---------+---------+-------+---------
         Total |       0 |     117 |   0.0 |       0 |      37 |   0.0 |  1832
               +---------+---------+-------+---------+---------+-------+---------
           D:1 |       0 |      33 |   0.0 |       0 |      19 |   0.0 |   994
           D:2 |       0 |      25 |   0.0 |       0 |       8 |   0.0 |   723
           D:3 |       0 |      59 |   0.0 |       0 |      10 |   0.0 |   115
               +---------+---------+-------+---------+---------+-------+---------
